 Dungeon Crawl Stone Soup version 0.30-a0-859-gf88a04b62d (webtiles) character file.

Game seed: 11567268318143358759

7285 Esekla the Covert (level 11, 0/74 HPs)
             Began as an Octopode Delver on Mar 6, 2023.
             Was an Initiate of Gozag.
             Slain by an orc warrior
             ... wielding a +0 broad axe
              (27 damage)
             ... in a bailey.
             The game lasted 01:00:56 (11411 turns).

Esekla the Covert (Octopode Delver)                Turns: 11411, Time: 01:00:56

Health: 0/74       AC:  5    Str: 15    XL:     11   Next: 12%
Magic:  14/23      EV: 15    Int: 21    God:    Gozag
Gold:   112        SH:  0    Dex: 14    Spells: 22/26 levels left

rFire   . . .      SeeInvis .    s - +1 dagger (venom)
rCold   . . .      Faith    .    (no shield)
rNeg    . . .      Spirit   .    (helmet restricted)
rPois   .          Reflect  .    n - amulet of regeneration
rElec   .          Rampage  .    l - +4 ring of protection
rCorr   .                        t - +6 ring of intelligence
Will    +....                    (no ring)
Stlth   ++++++                   (no ring)
HPRegen 1.92/turn                (no ring)
MPRegen 0.18/turn                (no ring)
                                 (no ring)
                                 (no ring)

@: gold aura
A: almost no armour, amphibious, 8 rings, camouflage 1, gelatinous body 1,
(nimble swimmer 1), tentacles, strong-willed 1, regeneration 1, strong 1
a: Renounce Religion, Potion Petition, Call Merchant, Bribe Branch


You were in a bailey.
You worshipped Gozag.
Gozag was aware of your devotion.
You visited 2 branches of the dungeon, and saw 11 of its levels.
You also visited: Sewer and Bailey.

You collected 2167 gold pieces.
You spent 472 gold pieces at shops.
You paid 1583 gold pieces to Gozag.

Inventory:

Hand Weapons
 a - a +0 long sword
 b - the +5 falchion "Miqiufu" {antimagic, rF++ Str+3 Int+3 Dex+4}
   (You bought it in a shop on level 6 of the Dungeon)

   Str:       It affects your strength (+3).
   Int:       It affects your intelligence (+3).
   Dex:       It affects your dexterity (+4).
   rF:        It greatly protects you from fire.
 r - a +3 trident of freezing
 s - a +1 dagger of venom (weapon)
Missiles
 F - 12 boomerangs (quivered)
 I - 42 poisoned darts
 M - 7 curare-tipped darts
Armour
 N - a +0 buckler
Jewellery
 l - a +4 ring of protection (left tentacle)
 m - an amulet of the acrobat
 n - an amulet of regeneration (around mantle)
 t - a +6 ring of intelligence (right tentacle)
 x - an amulet of magic regeneration
 C - a ring of fire
Wands
 f - a wand of digging (1)
 K - a wand of mindburst (8)
 L - a wand of flame (5)
Scrolls
 d - 3 scrolls of blinking
 e - a scroll of enchant weapon {unknown}
 i - 2 scrolls of teleportation
 j - 3 scrolls of amnesia {unknown}
 k - 5 scrolls of identify
 p - a scroll of magic mapping
 v - 2 scrolls of poison {unknown}
 w - 3 scrolls of fear
 A - a scroll of noise {unknown}
 B - 2 scrolls of brand weapon {unknown}
 G - 4 scrolls of fog
 J - a scroll of vulnerability {unknown}
Potions
 c - 4 potions of flight
 g - a potion of magic
 h - a potion of invisibility {unknown}
 o - 3 potions of attraction {unknown}
 q - a potion of lignification {unknown}
 u - 8 potions of curing {unknown}
 y - 2 potions of heal wounds
 z - a potion of haste
 D - a potion of degeneration {unknown}
 E - a potion of cancellation {unknown}
 H - 2 potions of might {unknown}


   Skills:
 * Level 6.7 Fighting
 + Level 2.3(5.2) Short Blades
 * Level 7.3(7.5) Long Blades
 + Level 1.2 Throwing
 * Level 6.1 Dodging
 + Level 11.0 Stealth
 * Level 0.4 Shields
 * Level 8.2 Spellcasting
 * Level 0.6 Transmutations
 + Level 5.5 Fire Magic
 * Level 0.1 Earth Magic


You had 22 spell levels left.
You knew the following spells:

 Your Spells              Type           Power      Damage    Failure   Level
o - Scorch                Fire           62%        2d8       1%          2
w - Wereblood             Tmut           11%        N/A       10%         2

Your spell library contained the following spells:

 Spells                   Type           Power      Damage    Failure   Level
 Sting                    Tmut/Pois      36%        1d4       7%          1
 Lesser Beckoning         Tloc           16%        N/A       12%         2
 Call Canine Familiar     Summ           8%         N/A       24%         3
 Gell's Gravitas          Tloc           8%         N/A       24%         3
 Portal Projectile        Hex/Tloc       16%        N/A       24%         3
 Teleport Other           Tloc           8%         N/A       24%         3
 Flame Wave               Conj/Fire      20%        2d7       26%         4
 Leda's Liquefaction      Hex/Erth       4%         N/A       58%         4
 Alistair's Intoxication  Tmut/Pois      6%         N/A       88%         5
 Borgnjor's Vile Clutch   Necr/Erth      4%         N/A       91%         5
 Eringya's Noxious Bog    Tmut/Pois      4%         N/A       100%        6
 Summon Cactus Giant      Summ           4%         N/A       100%        6
 Necromutation            Tmut/Necr      4%         N/A       100%        8


Dungeon Overview and Level Annotations

Branches:
Dungeon (10/15)            Temple (1/1) D:5            Lair (0/5) D:10
  Sewer (visited)          Bailey (1/1)
    Orc: D:9-12

Altars:
Ashenzari
Cheibriados
Fedhas
Gozag
Hepliaklqana
Kikubaaqudgha
Makhleb
Nemelex Xobeh
Okawaru
Qazlal
Ru
Trog
Vehumet
Wu Jian
Xom
Zin
The Shining One

Shops:
D:5 [   D:6 (   D:10 :

Annotations:
D:5 ogre
D:9 2 headed ogre
D:10 Maurice
Temple 2 transporters


Innate Abilities, Weirdness & Mutations

You cannot wear most types of armour.
You are amphibious.
You can wear up to eight rings at the same time.
Your skin changes colour to match your surroundings (Stealth+).
Your rubbery body absorbs attacks. (AC +1, EV +1)
((You are camouflaged when in or above water. (Stealth+)))
You have tentacles for arms and can constrict up to eight enemies at once.
You are strong-willed. (Will+)
Your natural rate of healing is unusually fast.
Your muscles are strong. (Str +4, Int/Dex -1)


Message History

Confirm with . or Enter, or press ? or * to list all spells.
Flames lash the orc warrior.
The orc warrior is burned terribly!
The orc warrior is almost dead.
The orc warrior is engulfed in a cloud of scalding steam.
You kill the orc warrior!
You hear a splash. x2
Casting: Scorch (safe; 1% risk of failure)
Confirm with . or Enter, or press ? or * to list all spells.
Flames lash the orc warrior.
The orc warrior is lightly wounded.
The orc warrior's fire resistance burns away.
The orc knight roars a battlecry!
The orc warrior goes into a battle-frenzy!
Casting: Scorch (safe; 1% risk of failure)
Confirm with . or Enter, or press ? or * to list all spells.
Flames lash the orc knight.
The orc knight is burned terribly!
The orc knight is moderately wounded.
The orc warrior is engulfed in a cloud of scalding steam.
The orc knight is engulfed in a cloud of scalding steam.
The orc knight hits you with a +0 war axe!
You hit the orc knight.
The orc knight is poisoned.
You grab the orc knight. You squeeze the orc knight.
The orc knight is moderately wounded.
You constrict the orc knight, but do no damage.
You hit the orc warrior.
The orc warrior is poisoned.
Your grab misses the orc warrior. Your squeeze misses the orc warrior.
The orc warrior is heavily wounded.
You constrict the orc knight.
The orc warrior is engulfed in a cloud of scalding steam.
The orc warrior hits you with a +0 broad axe!!
The orc knight is engulfed in a cloud of scalding steam.
The orc knight hits you with a +0 war axe!!
You feel much better.
You are engulfed in a cloud of scalding steam.
You constrict the orc knight, but do no damage.
The orc warrior is no longer more vulnerable to fire.
The orc knight hits you with a +0 war axe!!
The orc warrior hits you with a +0 broad axe!!
You die...
Your body crumbles into a pile of gold.

#....~~.......~~....#
#.###~~.......~~###.#
#....~~.......~~....#
#.###~~.......~~###.#
#....~~.......~~....#
#.###~~.......~~###.#
#)...~~.......~~....#
#.###~~.......~~###.#
#....~~.......§o@...#
#####~~.......§o#####
##~.......~##
####'''#### #.....#
#∩(...?∩# #...8...#
##..(..## ###+###


You could see an orc knight (very poisoned, combustible) and an orc warrior
(strong, very poisoned).

Vanquished Creatures
  Erolcha (D:9)
  A two-headed ogre (D:6)
  A cyclops (D:9)
  Grinder (D:5)
  A slime creature (D:8)
  2 shadows
  Sigmund (D:2)
  Eustachio (D:5)
  2 yaks
  A steam dragon (D:8)
  A vampire mosquito (D:9)
  Edmund (D:5)
  A water moccasin (D:6)
  An acid dragon (D:9)
  2 black bears
  A sky beast (D:7)
  4 orc warriors
  3 ice beasts
  An ogre (D:7)
  A phantom (D:6)
  6 centaurs
  7 kobold brigands
  5 scorpions
  4 bullfrogs
  A gnoll sergeant (D:6)
  5 wights (D:9)
  A killer bee (D:9)
  4 howler monkeys
  4 hounds
  A jelly (D:5)
  An orc priest (D:6)
  6 iguanas
  8 orc wizards
  A sleepcap (D:5)
  11 adders
  3 gnolls
  A dart slug (D:2)
  2 worms
  20 orcs
  5 bats
  10 endoplasms
  6 giant cockroaches
  14 goblins
  5 hobgoblins
  10 quokkas
  16 ball pythons
  13 frilled lizards
  15 kobolds
  5 rats
218 creatures vanquished.

Notes
Turn   | Place    | Note
-------+----------+-------------------------------------------
     0 | D:5      | Esekla the Octopode Delver began the quest for the Orb.
     0 | D:5      | Reached XP level 1. HP: 16/16 MP: 1/1
     7 | Temple   | Entered the Ecumenical Temple
     7 | Temple   | Found a transporter.
     7 | Temple   | Found a transporter.
    67 | D:6      | Noticed a black bear
   142 | D:6      | Noticed an iguana
   181 | D:6      | Reached XP level 2. HP: 9/21 MP: 2/2
   186 | D:6      | Noticed a scorpion
   260 | D:6      | Reached skill level 7 in Stealth
   260 | D:6      | Reached XP level 3. HP: 13/26 MP: 2/4
   285 | D:6      | Found an ornate altar of the Wu Jian Council.
   311 | D:6      | Noticed a phantom
   348 | D:6      | Noticed a scorpion
   506 | Temple   | Found a transporter.
   506 | Temple   | Found a transporter.
   517 | Temple   | Became a worshipper of Gozag Ym Sagoz the Greedy
   590 | D:6      | Found a glowing drain.
   594 | Sewer    | Entered a sewer
   689 | Sewer    | Reached XP level 4. HP: 31/31 MP: 5/5
   721 | Sewer    | Reached skill level 1 in Spellcasting
  1032 | Sewer    | Noticed a bullfrog
  1048 | Sewer    | Gained mutation: Your muscles are strong. (Str +4, Int/Dex
                  | -1) [potion of mutation]
  1048 | Sewer    | Gained mutation: You are strong-willed. (Will+) [potion of
                  | mutation]
  1048 | Sewer    | Gained mutation: Your natural rate of healing is unusually
                  | fast. [potion of mutation]
  1050 | Sewer    | Killed a bullfrog
  1051 | Sewer    | Reached XP level 5. HP: 18/37 MP: 7/7
  1095 | Sewer    | Reached XP level 6. HP: 25/43 MP: 8/8
  1286 | D:5      | Reached skill level 8 in Stealth
  1342 | D:4      | Found a sacrificial altar of Ru.
  1780 | D:2      | Noticed Sigmund
  1826 | D:2      | Found a sacrificial altar of Ru.
  2208 | D:1      | Found a faded altar of an unknown god.
  2581 | D:1      | Learned a level 2 spell: Scorch
  2883 | D:2      | Killed Sigmund
  2884 | D:2      | Reached XP level 7. HP: 48/48 MP: 10/10
  4358 | D:4      | Found a sparkling altar of Nemelex Xobeh.
  4476 | D:4      | Found a glowing silver altar of Zin.
  4486 | D:4      | Found an ancient bone altar of Kikubaaqudgha.
  4715 | D:5      | Noticed Grinder
  4731 | D:5      | Killed Grinder
  4732 | D:5      | Reached skill level 1 in Fire Magic
  4824 | D:5      | Found a burning altar of Makhleb.
  4861 | D:5      | Noticed Edmund
  4875 | D:5      | Killed Edmund
  4876 | D:5      | Reached skill level 5 in Long Blades
  4876 | D:5      | Reached skill level 9 in Stealth
  4876 | D:5      | Reached XP level 8. HP: 41/54 MP: 8/12
  4931 | D:5      | Found Ykloth's Antique Armour Shop.
  5102 | D:5      | Reached skill level 1 in Short Blades
  5294 | D:5      | Reached skill level 5 in Fighting
  5382 | D:5      | Noticed Eustachio
  5474 | D:5      | Killed Eustachio
  6083 | D:6      | Reached XP level 9. HP: 61/61 MP: 14/14
  6178 | D:6      | Noticed a two-headed ogre
  6212 | D:6      | Killed a two-headed ogre
  6213 | D:6      | Reached skill level 10 in Stealth
  6340 | D:6      | Reached skill level 5 in Spellcasting
  6812 | D:6      | Bought a twisted falchion for 192 gold pieces
  6812 | D:6      | Identified the +5 falchion "Miqiufu" {antimagic, rF++ Str+3
                  | Int+3 Dex+4} (You bought it in a shop on level 6 of the
                  | Dungeon)
  7038 | D:7      | Reached skill level 5 in Dodging
  7630 | D:6      | Reached XP level 10. HP: 49/68 MP: 1/19
  8432 | D:8      | Found a broken altar of Ashenzari.
  8433 | D:8      | Found a blossoming altar of Fedhas.
  8433 | D:8      | Found a snail-covered altar of Cheibriados.
  8434 | D:8      | Found a radiant altar of Vehumet.
  9639 | D:9      | Noticed a cyclops
  9993 | D:9      | Noticed Erolcha
 10001 | D:9      | Killed Erolcha
 10228 | D:9      | Killed a cyclops
 10229 | D:9      | Reached skill level 1 in Throwing
 10229 | D:9      | Reached skill level 5 in Fire Magic
 10455 | D:9      | Noticed a two-headed ogre
 10459 | D:9      | Reached XP level 11. HP: 71/74 MP: 22/22
 10866 | D:10     | Entered Level 10 of the Dungeon
 10866 | D:10     | Found a hazy altar of Hepliaklqana.
 10947 | D:10     | Noticed Maurice
 11059 | D:10     | Bought the Octavo of Shaping for 280 gold pieces
 11062 | D:10     | Learned a level 2 spell: Wereblood
 11067 | D:10     | Found a staircase to the Lair.
 11222 | D:10     | Found a flagged portal.
 11241 | Bailey   | Entered a bailey
 11352 | Bailey   | Reached skill level 11 in Stealth
 11398 | Bailey   | Noticed an orc knight
 11411 | Bailey   | Slain by an orc warrior

Illustrated notes

Levels and vault maps discovered:
D:1:      doesnt_arrival_eight_statues, layout_basic,
          hellmonk_ecumenical_altar_leap_of_faith, minmay_misc_feat_tiny,
          minmay_misc_feat_encased
D:2:      layout_loops_ring, basic_altar, uniq_sigmund
D:3:      layout_basic, st_stairs_6, minmay_goblin_outpost
D:4:      layout_loops_ring, amethyst_overflow_temple_binary,
          general_overflow_altar, nemelex_spade_bored_becter,
          corexii_item_surrounded_by_moat
D:5:      wad_river_or_something, layout_cave_pods, lightli_temple_of_fire,
          minmay_temple_entry_from_below_b, serial_shops,
          nicolae_shop_advertising_works [nicolae_subvault_shop_adworks],
          wad_floor_pattern_untrapped, amcnicky_mini_rare_corridor_liquid,
          uniq_edmund, uniq_eustachio, uniq_grinder
D:6:      minmay_chambers_of_fours, layout_layer_cave, nzn_wu_jian_council_hall,
          gup_sewer_entry_bowl, kennysheep_windowed_goal
D:7:      layout_rooms
D:8:      layout_loops_ring, chequers_temple_overflow_statue_of_worship,
          minmay_holes, chequers_serial_rivers_micro_e
D:9:      minmay_clustersquares, layout_loops_ring, serial_rivers,
          chequers_serial_rivers_micro_b, chequers_serial_rivers_micro_d,
          chequers_serial_rivers_room_b, chequers_serial_rivers_room_b,
          chequers_serial_rivers_small_b, chequers_serial_rivers_micro_b,
          uniq_erolcha
D:10:     layout_long_grid, amcnicky_altar_gilded, marbit_many_paths,
          minmay_overflow_temple_star_quad, lair_entry_dummy, enter_bailey_3,
          kennysheep_generic_room_13, uniq_maurice
Temple:   hellmonk_temple_divided_pantheon
Bailey:   bailey_axe_3, bailey

Skill      XL: |  1  2  3  4  5  6  7  8  9 10 11 |
---------------+----------------------------------+-----
Stealth        | 7 8 9 10 11 | 11.0
Spellcasting   | 1 2 3 6 7 8 |  8.2
Long Blades    | 3 4 5 6 7 |  7.3
Dodging        | 3 4 5 6 |  6.1
Fighting       | 4 5 6 |  6.7
Fire Magic     | 1 3 4 5 |  5.5
Short Blades   | 1 2 |  2.3
Throwing       | 1 |  1.2
Shields        | |  0.4
Transmutations | |  0.6
Earth Magic    | |  0.1

Action                     |  1- 3 |  4- 6 |  7- 9 | 10-12 || total
---------------------------+-------+-------+-------+-------++-------
  Melee: Falchion          |    27 |   105 |    90 |    16 ||   238
         Constrict         |     7 |    31 |    25 |    24 ||    87
         Tentacles         |     4 |    20 |    34 |    23 ||    81
         Punch             |       |     1 |     1 |       ||     2
         Dagger            |       |    18 |    28 |    37 ||    83
         Long sword        |       |       |     6 |    52 ||    58
  Throw: Boomerang         |       |       |     4 |    23 ||    27
   Cast: Scorch            |       |       |    43 |    83 ||   126
         Wereblood         |       |       |       |     1 ||     1
 Invoke: Call Merchant     |       |       |     1 |     1 ||     2
  Evoke: Wand              |     1 |       |     1 |       ||     2
    Use: Scroll            |     3 |       |     2 |     4 ||     9
         Potion            |     1 |     4 |       |     2 ||     7
   Stab: Sleeping          |     5 |    25 |    16 |    15 ||    61
         Distracted        |       |       |     1 |       ||     1
 Armour: Skin              |       |     8 |    25 |    24 ||    57
  Dodge: Dodged            |    23 |    99 |    79 |   106 ||   307

Table legend: (Time is in decaauts)
 A = Elapsed time spent in this place.
 B = Non-inter-level travel time spent in this place.
 C = Inter-level travel time spent in this place.
 D = Time resting spent in this place.
 E = Time spent auto-exploring this place.
 F = Levels seen in this place.
 G = Mean time per level.
                   A        B        C        D        E       F      G
               +--------+--------+--------+--------+--------+-----+--------+
         Total |  11381 |  11019 |    362 |   2449 |   2886 |  13 |  875.5 |
       Dungeon |  10612 |  10250 |    362 |   2219 |   2886 |  10 | 1061.2 |
        Temple |     33 |     33 |      0 |      0 |      0 |   1 |   33.0 |
         Sewer |    567 |    567 |      0 |    183 |      0 |   1 |  567.0 |
        Bailey |    168 |    168 |      0 |     47 |      0 |   1 |  168.0 |
               +--------+--------+--------+--------+--------+-----+--------+

Top non-repeatable levels by time:
     D:6: 2172 daAuts
     D:9: 1549 daAuts
     D:5: 1320 daAuts
     D:3: 1115 daAuts
     D:4: 1044 daAuts
     D:8: 890 daAuts
     D:7: 874 daAuts
     D:2: 728 daAuts
     D:1: 586 daAuts
   Sewer: 567 daAuts
    D:10: 330 daAuts
  Bailey: 168 daAuts
  Temple: 33 daAuts
